 Dungeon Crawl Stone Soup version 0.31-a0-358-gac0dbeb3ab (webtiles) character file.

Game seed: 15401456688694093910

1 AIAndy the Ruffian (level 1, -1/13 HPs)
             Began as an Octopode Shapeshifter on July 25, 2023.
             Slain by a ball python (2 damage)
             ... on level 1 of the Dungeon.
             The game lasted 00:00:18 (38 turns).

AIAndy the Ruffian (Octopode Shapeshifter)            Turns: 38, Time: 00:00:18

Health: -1/13      AC:  1    Str: 14    XL:     1   Next: 20%
Magic:  1/1        EV: 13    Int: 10    God:
Gold:   0          SH:  0    Dex: 12    Spells: 0/0 levels left

rFire   . .          .
                       - Unarmed
rCold   . . .        (no shield)
rNeg    . . .        (helmet currently unavailable)
rPois   .            (no amulet)
rElec   .            (no ring)
rCorr   .            (no ring)
SInv    .            (no ring)
Will    .....        (no ring)
Stlth   ++           (no ring)
HPRegen 0.22/turn    (no ring)
MPRegen 0.07/turn    (no ring)
                     (no ring)

%: no passive effects
@: beast-form
A: beast (slay +2), almost no armour, amphibious, 8 rings, camouflage 1,
gelatinous body 1, (nimble swimmer 1), tentacles
a: Begin Untransformation


You were on level 1 of the Dungeon.
You were a hulking beast.
You visited 1 branch of the dungeon, and saw 1 of its levels.


Innate Abilities, Weirdness & Mutations

You are a hulking beast.
Your limbs bulge with bestial killing power. (Slay +2)
You cannot wear most types of armour.
You are amphibious.
You can wear up to eight rings at the same time.
Your skin changes colour to match your surroundings (Stealth+).
Your rubbery body absorbs attacks. (AC +1, EV +1)
((You are camouflaged when in or above water. (Stealth+)))
You have tentacles for arms and can constrict up to eight enemies at once.


   Skills:
 - Level 1.0 Fighting
 - Level 2.0 Dodging
 + Level 3.0 Unarmed Combat
 + Level 3.0 Shapeshifting


You couldn't memorise any spells.
You didn't know any spells.
Your spell library was empty.

Inventory:

Talismans
 b - a beast talisman
Scrolls
 c - a scroll of identify {unknown}
Potions
 a - a potion of lignification {!q}

Dungeon Overview and Level Annotations

Branches:
Dungeon (1/15)

Altars:

..$# .. .# ..♣
!....#.###.##..
.K...#.........
....g.......##
.......g.....##
.......g......###
..######gg....... ▒▒▒
▒▒▒▒▒▒S▒..... ▒^▒▒▒▒▒
▒^▒Z▒▒h▒▒..#.
▒▒▒Z▒Z▒▒▒▒▒▒▒▒▒...▒▒▒.
..▒▒▒▒▒Z▒Z▒.....>.▒^▒
......▒▒▒▒▒.▒▒▒...▒▒▒
▒▒▒▒▒.......▒Z▒▒+▒▒
▒Z▒Z▒▒▒▒▒▒▒▒▒▒▒
▒▒▒▒▒Z▒Z▒Z▒^▒
▒▒▒▒▒▒▒▒▒


You could see a merfolk zombie, 3 hobgoblins, a goblin and a ball python.


Message History

A kobold and 2 hobgoblins come into view.
Found a metallic orange potion and 9 gold pieces.
The kobold moves out of view.
You closely miss the hobgoblin.
The hobgoblin shouts!
Your grab misses the hobgoblin. The quokka bites you.
The ball python barely misses you. The ball python grabs you.
The ball python constricts you. The hobgoblin hits you.
You escape the ball python's grasp.
The hobgoblin attacks as you move away! The hobgoblin hits you.
* * * LOW HITPOINT WARNING * * *
The quokka attacks as you move away! The quokka closely misses you.
The ball python attacks as you move away!
The ball python closely misses you. x2; The quokka barely misses you.
There is an open door here.
You are too injured to fight recklessly!
You are too injured to fight recklessly!
You closely miss the quokka. You grab the quokka. You constrict the quokka.
The quokka bites you.
* * * LOW HITPOINT WARNING * * *
You completely miss the quokka. You squeeze the quokka.
You kill the quokka!
The ball python bites you.
* * * LOW HITPOINT WARNING * * *
The ball python completely misses you.
You tentacle-slap the ball python. Your grab misses the ball python.
Your squeeze misses the ball python.
The ball python is severely wounded.
The ball python bites you.
You die...

Action                     || total
---------------------------++-------
  Melee: Unarmed           ||     4
         Constrict         ||     1
         Tentacles         ||     1
  Dodge: Dodged            ||     6

Levels and vault maps discovered:
D:1:      shiori_arrival_whats_in_store_for_you, layout_rooms, serial_shops,
          nicolae_shop_peninsula, shapermc_ecumenical_altar_hornbeckon,
          minmay_octomino_e4

Notes
Turn   | Place    | Note
-------+----------+-------------------------------------------
     0 | D:1      | AIAndy the Octopode Shapeshifter began the quest for the
                  | Orb.
     0 | D:1      | Reached XP level 1. HP: 13/13 MP: 1/1
     5 | D:1      | Noticed a merfolk zombie
    10 | D:1      | Noticed a merfolk zombie
    16 | D:1      | Noticed a merfolk zombie
    16 | D:1      | Noticed a merfolk zombie
    37 | D:1      | HP: 1/13 [ball python (2)]
    38 | D:1      | Slain by a ball python

Vanquished Creatures
  A quokka (D:1)
1 creature vanquished.

Table legend: (Time is in decaauts)
 A = Elapsed time spent in this place.
 B = Non-inter-level travel time spent in this place.
 C = Inter-level travel time spent in this place.
 D = Time resting spent in this place.
 E = Time spent auto-exploring this place.
 F = Levels seen in this place.
 G = Mean time per level.
                   A        B        C        D        E       F      G
               +--------+--------+--------+--------+--------+-----+--------+
         Total |     37 |     37 |      0 |      0 |     26 |   1 |   37.0 |
       Dungeon |     37 |     37 |      0 |      0 |     26 |   1 |   37.0 |
               +--------+--------+--------+--------+--------+-----+--------+

Top non-repeatable levels by time:
     D:1: 37 daAuts

Table legend:
 A = Non-vault XP
 B = Vault XP
 C = Vault XP percentage of total XP
 D = Non-vault monster count
 E = Vault monster count
 F = Vault count percentage of total count
                 A         B        C        D         E       F
            +---------+---------+-------+---------+---------+-------
      Total |       2 |       0 |   0.0 |       1 |       0 |   0.0
            +---------+---------+-------+---------+---------+-------
        D:1 |       2 |       0 |   0.0 |       1 |       0 |   0.0
            +---------+---------+-------+---------+---------+-------
